 Dungeon Crawl Stone Soup version 0.29.0-4-gdea44cf6ec (webtiles) character file.

Game seed: 3542403080313966542

24689 qw the Brawler (level 12, -2/118 HPs)
             Began as a Troll Cinder Acolyte on Sept 1, 2022.
             Was a Believer of Okawaru.
             Slain by an elephant (8 damage)
             ... on level 3 of the Lair of Beasts.
             The game lasted 00:06:07 (12909 turns).

qw the Brawler (Troll Cinder Acolyte)              Turns: 12909, Time: 00:06:07

Health: -2/118     AC:  8    Str: 28    XL:     12   Next: 82%
Magic:  14/14      EV: 12    Int:  9    God:    Okawaru [**....]
Gold:   614        SH:  5    Dex:  9    Spells: 13/13 levels left

rFire   . . .      SeeInvis +     - Unarmed
rCold   + . .      Faith    .   (no shield)
rNeg    . . .      Spirit   .   a - +2 robe {rC+}
rPois   .          Reflect  +   s - +2 hat {Stlth+}
rElec   .          Harm     .   (no cloak)
rCorr   .          Rampage  .   (gloves unavailable)
Will    +....      Clarity  +   (boots unavailable)
Stlth   ++++......              d - amulet of reflection
HPRegen 1.09/turn               (no ring)
MPRegen 0.14/turn               (no ring)

@: heroic, fire susceptible
A: large, unfitting armour, claws 3, regeneration 1, shaggy fur 1, tough skin 1,
see invisible, agile 1, clarity, strong-willed 1
a: Renounce Religion, Heroism


You were on level 3 of the Lair of Beasts.
You worshipped Okawaru.
Okawaru was pleased with you.
You visited 2 branches of the dungeon, and saw 14 of its levels.

You collected 614 gold pieces.


Innate Abilities, Weirdness & Mutations

You are too large for most types of armour.
You have claws for hands.
Your natural rate of healing is unusually fast.
You are covered in fur. (AC +1)
You have tough skin. (AC +1)
You have supernaturally acute eyesight. (SInv)
You are agile. (Dex +4, Str/Int -1)
You possess an exceptional clarity of mind.
You are strong-willed. (Will+)


   Skills:
 - Level 7.1(12.1) Fighting
 - Level 7.0(12.0) Throwing
 - Level 3.2(8.2) Dodging
 + Level 17.8(22.8) Unarmed Combat
 - Level 1.0 Spellcasting
 - Level 2.1 Fire Magic
 - Level 4.0 Invocations


You had 13 spell levels left.
You didn't know any spells.
Your spell library contained the following spells:

 Spells                   Type           Power      Damage    Failure   Level
 Scorch                   Fire           8%         2d5       22%         2

Inventory:

Missiles
 c - 2 silver boomerangs (quivered)
 k - 2 boomerangs
 m - 4 javelins
Armour
 a - a +2 robe of cold resistance (worn)
 o - a +1 robe of fire resistance
 s - a +2 hat of stealth (worn)
Jewellery
 d - an amulet of reflection (around neck)
 e - a ring of ice
 l - a ring of fire
Scrolls
 f - 7 scrolls of identify
 n - a scroll of enchant armour
Potions
 b - 3 potions of mutation
 g - a potion of resistance
 i - 5 potions of curing
 j - a potion of might

Dungeon Overview and Level Annotations

Branches:
Dungeon (10/15)            Temple (0/1) D:6            Lair (4/5) D:10
  Swamp (0/4) Lair:2        Slime (0/5) Lair:4
  Snake: Lair:2-3    Spider: Lair:2-3       Orc: D:9-12

Altars:
Ashenzari
Fedhas
Okawaru
Wu Jian
Zin
The Shining One

Shops:
D:4 (:

Annotations:
D:3 2 runed translucent doors
D:9 2 transporters, qw's ghost, novice TeWr
Lair:1 3 runed translucent doors, qw's ghost, novice TeWr


Message History

You scratch the polar bear.
The polar bear is severely wounded.
The elephant tramples you!
You hold your ground!
The elephant trunk-slaps you but does no damage.
The polar bear closely misses you.
The polar bear claws you but does no damage.
The polar bear claws you. The elephant barely misses you.
You block the elephant's attack. The elephant barely misses you.
The elephant trunk-slaps you.
You barely miss the polar bear.
The polar bear is severely wounded.
You scratch the polar bear. You claw the polar bear!
The polar bear is almost dead.
The elephant tramples you.
You hold your ground!
The elephant trunk-slaps you. You block the elephant's attack.
The elephant trunk-slaps you.
The polar bear goes berserk!
The elephant closely misses you.
The elephant trunk-slaps you but does no damage.
You eviscerate the polar bear!!!
You kill the polar bear!
Okawaru accepts your kill. The elephant tramples you.
You hold your ground!
The elephant closely misses you. The elephant barely misses you.
The elephant misses you.
The elephant tramples you but does no damage.
The elephant closely misses you.
You mangle the elephant!!
The elephant is moderately wounded.
You completely miss the elephant.
The elephant is moderately wounded.
The elephant completely misses you. The elephant trunk-slaps you.
The elephant closely misses you.
The elephant trunk-slaps you but does no damage.
The elephant barely misses you. The elephant closely misses you.
You mangle the elephant!!
The elephant is heavily wounded.
You scratch the elephant but do no damage.
You claw the elephant!!
The elephant is almost dead.
The elephant tramples you!
You die...

.........##P#.
.........P###
.7......#
.........P#
...P....#
##PP.....#
.......# ....
.......# ....
77......##+
####
.......... .P#
#PY...P..P ..#
#@Y.....P. ~..
#%Y.......
~~~.
##....$P..
~~~. ##..7....
~~~. ##.7...
..... ... ...
...


You could see 3 elephants.

Vanquished Creatures
  A minotaur (Lair:1)
  A hydra (Lair:1)
  Fannar (Lair:1)
  A catoblepas (Lair:2)
  A centaur warrior (D:10)
  3 death yaks (D:10)
  2 two-headed ogres
  9 elephants
  3 rime drakes
  Psyche (D:8)
  4 komodo dragons
  9 cane toads
  A troll (D:10)
  2 polar bears
  Prince Ribbit (D:8)
  9 blink frogs
  Sigmund (D:3)
  A shadow (D:9)
  3 wyverns
  12 yaks
  A basilisk (Lair:1)
  7 fire elementals
  Grum (D:9)
  3 water moccasins
  Duvessa (D:4)
  3 black bears
  An ice beast (D:7)
  3 orc warriors
  14 wolves
  2 centaurs
  2 ogres
  2 phantoms
  10 bullfrogs
  A necrophage (D:5)
  3 scorpions
  9 wights
  Dowan (D:4)
  9 electric eels
  3 howler monkeys (D:8)
  2 hounds (D:6)
  6 jellies
  6 orc priests
  3 gnoll boudas
  6 iguanas
  12 orc wizards
  16 gnolls
  10 adders
  A river rat (D:10)
  A white imp (D:7)
  An ufetubus (D:5)
  4 worms
  A dart slug (D:4)
  35 orcs
  4 ball pythons
  2 endoplasms
  2 giant cockroaches (D:1)
  8 goblins
  7 hobgoblins
  4 jackals (D:4)
  2 kobolds
  5 quokkas
  5 bats
  2 frilled lizards
  8 rats
295 creatures vanquished.

Vanquished Creatures (others)
  5 fungi
  31 plants
36 creatures vanquished.

Grand Total: 331 creatures vanquished

Notes
Turn   | Place    | Note
-------+----------+-------------------------------------------
     0 | D:1      | qw the Troll Cinder Acolyte began the quest for the Orb.
     0 | D:1      | Reached XP level 1. HP: 22/22 MP: 1/1
     0 | D:1      | 0 ||| qw: Version: 0.1-a-97-g2dd2ca4
     0 | D:1      | 0 ||| qw: Game counter: 4790
     0 | D:1      | 0 ||| qw: Always use a shield: true
     0 | D:1      | 0 ||| qw: God list: Okawaru
     0 | D:1      | 0 ||| qw: Allow faded altars: false
     0 | D:1      | 0 ||| qw: Do Orc after D:15 true
     0 | D:1      | 0 ||| qw: Do second Lair branch before Depths: true
     0 | D:1      | 0 ||| qw: Lair rune preference: random
     0 | D:1      | 0 ||| qw: Plans: Normal
     0 | D:1      | 0 ||| PLANNING D:1-11
   363 | D:1      | Reached XP level 2. HP: 29/29 MP: 2/2
   381 | D:1      | Found a faded altar of an unknown god.
   705 | D:1      | Reached skill level 1 in Throwing
   971 | D:1      | 971 ||| UPGRADING to ring of see invisible.
   972 | D:1      | 972 ||| READING 3 scrolls labelled UTHIS ICRU.
   973 | D:1      | 973 ||| READING scroll labelled CEBYUN JEGEUNIST.
   974 | D:1      | 974 ||| READING scroll labelled TOPTAITASKE.
   975 | D:1      | 975 ||| READING 2 scrolls of identify.
   975 | D:1      | 975 ||| IDENTIFYING pink potion
   976 | D:1      | 976 ||| DROPPING potion of ambrosia.
  1029 | D:2      | Reached skill level 4 in Unarmed Combat
  1029 | D:2      | Reached XP level 3. HP: 36/36 MP: 3/3
  1088 | D:2      | 1088 ||| Stepping ~*~*~tactically~*~*~ (stealth).
  1095 | D:2      | 1095 ||| FLEEEEING.
  1101 | D:2      | 1101 ||| FLEEEEING.
  1102 | D:2      | 1102 ||| FLEEEEING.
  1103 | D:2      | 1103 ||| FLEEEEING.
  1104 | D:2      | 1104 ||| FLEEEEING.
  1337 | D:2      | 1337 ||| READING 2 scrolls labelled PIOFUUM YREDI.
  1340 | D:2      | 1340 ||| READING scroll labelled FOHUASIUGIE.
  1341 | D:2      | 1341 ||| DRINKING 2 silvery potions.
  1341 | D:2      | Gained mutation: You possess an exceptional clarity of
                  | mind. [potion of mutation]
  1341 | D:2      | Gained mutation: You are agile. (Dex +4, Str/Int -1)
                  | [potion of mutation]
  1341 | D:2      | Gained mutation: You have supernaturally acute eyesight.
                  | (SInv) [potion of mutation]
  1341 | D:2      | Gained mutation: You are strong-willed. (Will+) [potion of
                  | mutation]
  1342 | D:2      | 1342 ||| REMOVING ring of see invisible.
  1343 | D:2      | 1343 ||| DROPPING ring of see invisible.
  1344 | D:2      | 1344 ||| DRINKING 2 fizzy blue potions.
  1345 | D:2      | 1345 ||| READING 3 scrolls of identify.
  1345 | D:2      | 1345 ||| IDENTIFYING viscous cyan potion
  1346 | D:2      | 1346 ||| DROPPING potion of brilliance.
  1347 | D:2      | 1347 ||| DROPPING potion of flight.
  1439 | D:3      | Found a large runed translucent door.
  1440 | D:3      | Found a large runed translucent door.
  1492 | D:3      | 1492 ||| Stepping ~*~*~tactically~*~*~ (stealth).
  1496 | D:3      | 1496 ||| INVOKING Fiery Armour.
  1502 | D:3      | Reached XP level 4. HP: 44/44 MP: 4/4
  1504 | D:3      | 1504 ||| Stepping ~*~*~tactically~*~*~ (outnumbered).
  1505 | D:3      | 1505 ||| Stepping ~*~*~tactically~*~*~ (outnumbered).
  1509 | D:3      | Reached skill level 5 in Unarmed Combat
  1530 | D:3      | Noticed Sigmund
  1537 | D:3      | Found an iron altar of Okawaru.
  1540 | D:3      | 1540 ||| Stepping ~*~*~tactically~*~*~ (hiding).
  1683 | D:3      | Found a glowing golden altar of the Shining One.
  1703 | D:3      | 1703 ||| INVOKING Fiery Armour.
  1703 | D:3      | Killed Sigmund
  1704 | D:3      | Reached skill level 6 in Unarmed Combat
  1704 | D:3      | Reached XP level 5. HP: 18/50 MP: 5/5
  1852 | D:3      | Reached XP level 6. HP: 59/59 MP: 6/6
  1879 | D:3      | Found an ornate altar of the Wu Jian Council.
  2024 | D:3      | 2024 ||| Stepping ~*~*~tactically~*~*~ (hiding).
  2025 | D:3      | 2025 ||| Stepping ~*~*~tactically~*~*~ (hiding).
  2028 | D:3      | 2028 ||| INVOKING Fiery Armour.
  2054 | D:3      | 2054 ||| Stepping ~*~*~tactically~*~*~ (hiding).
  2088 | D:3      | 2088 ||| Stepping ~*~*~tactically~*~*~ (stealth).
  2128 | D:3      | Reached skill level 1 in Dodging
  2128 | D:3      | Found a broken altar of Ashenzari.
  2279 | D:3      | 2279 ||| READING scroll labelled LOIMIL LIOM.
  2280 | D:3      | 2280 ||| READING scroll labelled ZOIFUEBAPU.
  2309 | D:3      | 2309 ||| DRINKING 2 red potions.
  2310 | D:3      | 2310 ||| DROPPING potion of berserk rage.
  2430 | D:4      | Found Torphad's Antique Weapon Shop.
  2450 | D:4      | 2450 ||| READING scroll labelled SIZOCA QYRAROO.
  2494 | D:4      | 2494 ||| Stepping ~*~*~tactically~*~*~ (stealth).
  2524 | D:4      | Reached skill level 7 in Unarmed Combat
  2615 | D:4      | Found Zorett's Book Emporium.
  2634 | D:4      | Noticed Dowan
  2643 | D:4      | Killed Dowan
  2644 | D:4      | Reached XP level 7. HP: 56/66 MP: 7/7
  2671 | D:4      | Identified the +9 dagger of Cheese {freeze, Will- rCorr
                  | Int+4}
  2792 | D:4      | 2792 ||| Stepping ~*~*~tactically~*~*~ (stealth).
  2948 | D:4      | Noticed Duvessa
  2953 | D:4      | Killed Duvessa
  2970 | D:4      | 2970 ||| READING scroll labelled HIYRGH YSECIOC.
  3071 | D:4      | 3071 ||| READING scroll labelled JUOXOL KAIJI.
  3072 | D:4      | 3072 ||| DRINKING 2 bubbling sapphire potions.
  3073 | D:4      | 3073 ||| READING 3 scrolls of identify.
  3073 | D:4      | 3073 ||| IDENTIFYING black potion
  3074 | D:4      | 3074 ||| DROPPING potion of magic.
  3075 | D:4      | 3075 ||| DROPPING potion of invisibility.
  3261 | D:4      | 3261 ||| READING scroll of teleportation.
  3262 | D:4      | 3262 ||| STAIRDANCE
  3357 | D:5      | Entered Level 5 of the Dungeon
  3400 | D:5      | Reached skill level 8 in Unarmed Combat
  3434 | D:5      | 3434 ||| Stepping ~*~*~tactically~*~*~ (hiding).
  3441 | D:5      | 3441 ||| Stepping ~*~*~tactically~*~*~ (outnumbered).
  3446 | D:5      | 3446 ||| INVOKING Fiery Armour.
  3454 | D:5      | Reached skill level 3 in Fighting
  3621 | D:5      | 3621 ||| Stepping ~*~*~tactically~*~*~ (hiding).
  3629 | D:5      | Reached skill level 3 in Throwing
  3637 | D:5      | 3637 ||| Stepping ~*~*~tactically~*~*~ (stealth).
  3638 | D:5      | 3638 ||| Stepping ~*~*~tactically~*~*~ (stealth).
  3639 | D:5      | 3639 ||| Stepping ~*~*~tactically~*~*~ (stealth).
  3686 | D:5      | Reached XP level 8. HP: 48/75 MP: 8/8
  3812 | D:5      | Reached skill level 9 in Unarmed Combat
  4168 | D:5      | 4168 ||| Stepping ~*~*~tactically~*~*~ (stealth).
  4170 | D:5      | 4170 ||| Stepping ~*~*~tactically~*~*~ (stealth).
  4172 | D:5      | 4172 ||| Stepping ~*~*~tactically~*~*~ (stealth).
  4174 | D:5      | 4174 ||| Stepping ~*~*~tactically~*~*~ (hiding).
  4346 | D:5      | 4346 ||| UPGRADING to amulet of reflection.
  4351 | D:5      | 4351 ||| READING 2 scrolls of identify.
  4351 | D:5      | 4351 ||| IDENTIFYING glowing cyan potion
  4352 | D:5      | 4352 ||| DROPPING potion of attraction.
  4379 | D:4      | 4379 ||| READING 2 scrolls of teleportation.
  4442 | D:6      | Found a staircase to the Ecumenical Temple.
  4708 | D:6      | 4708 ||| Stepping ~*~*~tactically~*~*~ (stealth).
  4713 | D:6      | Reached skill level 10 in Unarmed Combat
  4810 | D:6      | 4810 ||| Stepping ~*~*~tactically~*~*~ (stealth).
  4812 | D:6      | 4812 ||| Stepping ~*~*~tactically~*~*~ (stealth).
  4814 | D:6      | 4814 ||| Stepping ~*~*~tactically~*~*~ (stealth).
  4816 | D:6      | 4816 ||| Stepping ~*~*~tactically~*~*~ (hiding).
  4826 | D:6      | 4826 ||| Stepping ~*~*~tactically~*~*~ (outnumbered).
  4977 | D:6      | Found a glowing silver altar of Zin.
  4977 | D:6      | Noticed an angel
  5105 | D:6      | 5105 ||| DROPPING +6 ring of intelligence.
  5139 | D:7      | Noticed a two-headed ogre
  5142 | D:7      | 5142 ||| Stepping ~*~*~tactically~*~*~ (stealth).
  5145 | D:7      | Killed a two-headed ogre
  5146 | D:7      | Reached XP level 9. HP: 69/89 MP: 9/9
  5167 | D:7      | 5167 ||| Stepping ~*~*~tactically~*~*~ (stealth).
  5168 | D:7      | 5168 ||| Stepping ~*~*~tactically~*~*~ (stealth).
  5169 | D:7      | 5169 ||| Stepping ~*~*~tactically~*~*~ (hiding).
  5170 | D:7      | 5170 ||| Stepping ~*~*~tactically~*~*~ (hiding).
  5173 | D:7      | 5173 ||| INVOKING Fiery Armour.
  5250 | D:7      | 5250 ||| Stepping ~*~*~tactically~*~*~ (outnumbered).
  5251 | D:7      | 5251 ||| Stepping ~*~*~tactically~*~*~ (outnumbered).
  5252 | D:7      | 5252 ||| Stepping ~*~*~tactically~*~*~ (outnumbered).
  5253 | D:7      | 5253 ||| Stepping ~*~*~tactically~*~*~ (outnumbered).
  5254 | D:7      | 5254 ||| Stepping ~*~*~tactically~*~*~ (outnumbered).
  5255 | D:7      | 5255 ||| Stepping ~*~*~tactically~*~*~ (outnumbered).
  5259 | D:7      | 5259 ||| Stepping ~*~*~tactically~*~*~ (outnumbered).
  5260 | D:7      | 5260 ||| Stepping ~*~*~tactically~*~*~ (outnumbered).
  5261 | D:7      | 5261 ||| Stepping ~*~*~tactically~*~*~ (outnumbered).
  5262 | D:7      | 5262 ||| Stepping ~*~*~tactically~*~*~ (outnumbered).
  5263 | D:7      | 5263 ||| Stepping ~*~*~tactically~*~*~ (outnumbered).
  5264 | D:7      | 5264 ||| Stepping ~*~*~tactically~*~*~ (outnumbered).
  5265 | D:7      | 5265 ||| Stepping ~*~*~tactically~*~*~ (hiding).
  5266 | D:7      | 5266 ||| Stepping ~*~*~tactically~*~*~ (hiding).
  5268 | D:7      | 5268 ||| Stepping ~*~*~tactically~*~*~ (hiding).
  5275 | D:7      | 5275 ||| Stepping ~*~*~tactically~*~*~ (outnumbered).
  5276 | D:7      | 5276 ||| Stepping ~*~*~tactically~*~*~ (outnumbered).
  5389 | D:7      | 5389 ||| Stepping ~*~*~tactically~*~*~ (hiding).
  5391 | D:7      | 5391 ||| Stepping ~*~*~tactically~*~*~ (hiding).
  5522 | D:7      | Reached skill level 11 in Unarmed Combat
  5768 | D:7      | 5768 ||| READING scroll labelled ZIODATHUAWN.
  5769 | D:7      | 5769 ||| READING scroll labelled DOVANL JOUGHU.
  5770 | D:7      | 5770 ||| READING 3 scrolls of identify.
  5770 | D:7      | 5770 ||| IDENTIFYING dark potion
  5771 | D:7      | 5771 ||| READING 2 scrolls of identify.
  5771 | D:7      | 5771 ||| IDENTIFYING lumpy coppery potion
  5789 | D:8      | Noticed Psyche
  5796 | D:8      | Killed Psyche
  5797 | D:8      | Reached skill level 3 in Dodging
  5888 | D:8      | 5888 ||| Stepping ~*~*~tactically~*~*~ (hiding).
  5893 | D:8      | 5893 ||| Stepping ~*~*~tactically~*~*~ (outnumbered).
  5902 | D:8      | 5902 ||| FLEEEEING.
  5903 | D:8      | 5903 ||| FLEEEEING.
  5908 | D:8      | 5908 ||| FLEEEEING.
  5970 | D:8      | 5970 ||| Stepping ~*~*~tactically~*~*~ (stealth).
  6016 | D:8      | Noticed Prince Ribbit
  6017 | D:8      | 6017 ||| Stepping ~*~*~tactically~*~*~ (stealth).
  6018 | D:8      | 6018 ||| Stepping ~*~*~tactically~*~*~ (stealth).
  6174 | D:8      | Found a blossoming altar of Fedhas.
  6187 | D:8      | Killed Prince Ribbit
  6188 | D:8      | Reached XP level 10. HP: 98/98 MP: 10/10
  6277 | D:8      | 6277 ||| UPGRADING to +1 robe of fire resistance.
  6287 | D:8      | 6287 ||| DROPPING +0 robe.
  6288 | D:8      | 6288 ||| UPGRADING to +1 hat of stealth.
  6293 | D:8      | 6293 ||| READING scroll of enchant armour.
  6293 | D:8      | 6293 ||| ENCHANTING +1 hat of stealth.
  6302 | D:8      | 6302 ||| DROPPING amulet of regeneration.
  6303 | D:8      | 6303 ||| READING scroll labelled TAOP XEUNU FYO.
  6304 | D:8      | 6304 ||| READING 6 scrolls of identify.
  6304 | D:8      | 6304 ||| IDENTIFYING blue potion
  6305 | D:8      | 6305 ||| DROPPING potion of lignification.
  6339 | D:9      | 6339 ||| Stepping ~*~*~tactically~*~*~ (hiding).
  6344 | D:9      | 6344 ||| Stepping ~*~*~tactically~*~*~ (hiding).
  6361 | D:9      | Noticed Grum
  6362 | D:9      | 6362 ||| Stepping ~*~*~tactically~*~*~ (stealth).
  6363 | D:9      | 6363 ||| Stepping ~*~*~tactically~*~*~ (stealth).
  6364 | D:9      | 6364 ||| INVOKING Fiery Armour.
  6369 | D:9      | Reached skill level 12 in Unarmed Combat
  6379 | D:9      | Killed Grum
  6439 | D:9      | 6439 ||| Stepping ~*~*~tactically~*~*~ (stealth).
  6442 | D:9      | 6442 ||| Stepping ~*~*~tactically~*~*~ (stealth).
  6523 | D:9      | 6523 ||| Stepping ~*~*~tactically~*~*~ (stealth).
  6606 | D:9      | 6606 ||| Stepping ~*~*~tactically~*~*~ (hiding).
  6607 | D:9      | 6607 ||| Stepping ~*~*~tactically~*~*~ (hiding).
  6608 | D:9      | 6608 ||| Stepping ~*~*~tactically~*~*~ (hiding).
  6609 | D:9      | 6609 ||| Stepping ~*~*~tactically~*~*~ (hiding).
  6611 | D:9      | 6611 ||| Stepping ~*~*~tactically~*~*~ (hiding).
  6612 | D:9      | 6612 ||| Stepping ~*~*~tactically~*~*~ (hiding).
  6687 | D:9      | Found a transporter.
  6687 | D:9      | Noticed qw's ghost (novice TeWr)
  6690 | D:9      | Noticed a boulder beetle
  6692 | D:9      | Found a transporter.
  6696 | D:9      | Noticed a two-headed ogre
  6906 | D:9      | Noticed a two-headed ogre
  6911 | D:9      | Killed a two-headed ogre
  6912 | D:9      | Reached skill level 13 in Unarmed Combat
  6999 | D:9      | 6999 ||| Stepping ~*~*~tactically~*~*~ (outnumbered).
  7000 | D:9      | 7000 ||| Stepping ~*~*~tactically~*~*~ (hiding).
  7102 | D:9      | 7102 ||| Stepping ~*~*~tactically~*~*~ (hiding).
  7204 | D:9      | 7204 ||| Stepping ~*~*~tactically~*~*~ (hiding).
  7306 | D:9      | 7306 ||| Stepping ~*~*~tactically~*~*~ (hiding).
  7408 | D:9      | 7408 ||| Stepping ~*~*~tactically~*~*~ (hiding).
  7510 | D:9      | 7510 ||| Stepping ~*~*~tactically~*~*~ (hiding).
  7517 | D:9      | 7517 ||| Stepping ~*~*~tactically~*~*~ (hiding).
  7533 | D:9      | 7533 ||| Stepping ~*~*~tactically~*~*~ (hiding).
  7534 | D:9      | 7534 ||| Stepping ~*~*~tactically~*~*~ (hiding).
  7537 | D:9      | 7537 ||| Stepping ~*~*~tactically~*~*~ (stealth).
  7541 | D:9      | 7541 ||| Stepping ~*~*~tactically~*~*~ (stealth).
  7543 | D:9      | 7543 ||| Stepping ~*~*~tactically~*~*~ (stealth).
  7681 | D:9      | 7681 ||| Stepping ~*~*~tactically~*~*~ (stealth).
  7859 | D:9      | 7859 ||| READING scroll labelled PUOLOMAHUZUCU.
  7890 | D:10     | Entered Level 10 of the Dungeon
  7977 | D:10     | Noticed a death yak
  7978 | D:10     | 7978 ||| INVOKING Fiery Armour.
  7981 | D:10     | Noticed a death yak
  7988 | D:10     | Killed a death yak
  7991 | D:10     | Noticed a death yak
  7992 | D:10     | 7992 ||| Stepping ~*~*~tactically~*~*~ (stealth).
  7994 | D:10     | Killed a death yak
  7995 | D:10     | Reached skill level 14 in Unarmed Combat
  7995 | D:10     | 7995 ||| Stepping ~*~*~tactically~*~*~ (stealth).
  7996 | D:10     | 7996 ||| FLEEEEING.
  7997 | D:10     | 7997 ||| FLEEEEING.
  8002 | D:10     | Killed a death yak
  8003 | D:10     | Reached skill level 6 in Fighting
  8003 | D:10     | Reached XP level 11. HP: 68/105 MP: 11/11
  8063 | D:10     | Found a staircase to the Lair.
  8157 | D:10     | 8157 ||| FLEEEEING.
  8257 | D:10     | Noticed a centaur warrior
  8261 | D:10     | 8261 ||| INVOKING Fiery Armour.
  8270 | D:10     | Killed a centaur warrior
  8271 | D:10     | 8271 ||| Stepping ~*~*~tactically~*~*~ (outnumbered).
  8276 | D:10     | Reached skill level 6 in Throwing
  8285 | D:10     | 8285 ||| FLEEEEING.
  8286 | D:10     | 8286 ||| FLEEEEING.
  8287 | D:10     | 8287 ||| FLEEEEING.
  8288 | D:10     | 8288 ||| FLEEEEING.
  8289 | D:10     | 8289 ||| FLEEEEING.
  8290 | D:10     | 8290 ||| FLEEEEING.
  8291 | D:10     | 8291 ||| FLEEEEING.
  8292 | D:10     | 8292 ||| FLEEEEING.
  8293 | D:10     | 8293 ||| FLEEEEING.
  8294 | D:10     | 8294 ||| FLEEEEING.
  8295 | D:10     | 8295 ||| FLEEEEING.
  8296 | D:10     | 8296 ||| FLEEEEING.
  8297 | D:10     | 8297 ||| FLEEEEING.
  8298 | D:10     | 8298 ||| FLEEEEING.
  8299 | D:10     | 8299 ||| FLEEEEING.
  8300 | D:10     | 8300 ||| FLEEEEING.
  8301 | D:10     | 8301 ||| FLEEEEING.
  8302 | D:10     | 8302 ||| FLEEEEING.
  8303 | D:10     | 8303 ||| FLEEEEING.
  8304 | D:10     | 8304 ||| FLEEEEING.
  8305 | D:10     | 8305 ||| FLEEEEING.
  8306 | D:10     | 8306 ||| FLEEEEING.
  8307 | D:10     | 8307 ||| FLEEEEING.
  8308 | D:10     | 8308 ||| FLEEEEING.
  8309 | D:10     | 8309 ||| FLEEEEING.
  8310 | D:10     | 8310 ||| FLEEEEING.
  8311 | D:10     | 8311 ||| FLEEEEING.
  8312 | D:10     | 8312 ||| FLEEEEING.
  8313 | D:10     | 8313 ||| FLEEEEING.
  8314 | D:10     | 8314 ||| FLEEEEING.
  8315 | D:10     | 8315 ||| FLEEEEING.
  8316 | D:10     | 8316 ||| FLEEEEING.
  8317 | D:10     | 8317 ||| FLEEEEING.
  8318 | D:10     | 8318 ||| FLEEEEING.
  8319 | D:10     | 8319 ||| FLEEEEING.
  8320 | D:10     | 8320 ||| FLEEEEING.
  8321 | D:10     | 8321 ||| FLEEEEING.
  8322 | D:10     | 8322 ||| FLEEEEING.
  8323 | D:10     | 8323 ||| FLEEEEING.
  8324 | D:10     | 8324 ||| FLEEEEING.
  8325 | D:10     | 8325 ||| FLEEEEING.
  8326 | D:10     | 8326 ||| FLEEEEING.
  8327 | D:10     | 8327 ||| FLEEEEING.
  8328 | D:10     | 8328 ||| FLEEEEING.
  8329 | D:10     | 8329 ||| FLEEEEING.
  8330 | D:10     | 8330 ||| FLEEEEING.
  8331 | D:10     | 8331 ||| FLEEEEING.
  8332 | D:10     | 8332 ||| FLEEEEING.
  8333 | D:10     | 8333 ||| FLEEEEING.
  8501 | D:10     | 8501 ||| FLEEEEING.
  8503 | D:10     | 8503 ||| FLEEEEING.
  8521 | D:10     | 8521 ||| Stepping ~*~*~tactically~*~*~ (stealth).
  8522 | D:10     | 8522 ||| Stepping ~*~*~tactically~*~*~ (stealth).
  8531 | D:10     | 8531 ||| Stepping ~*~*~tactically~*~*~ (hiding).
  8532 | D:10     | 8532 ||| INVOKING Fiery Armour.
  8789 | D:10     | 8789 ||| PLANNING LAIR
  8789 | D:10     | 8789 ||| DROPPING orb of wrath.
  8835 | Lair:1   | Entered Level 1 of the Lair of Beasts
  8847 | Lair:1   | Noticed qw's ghost (novice TeWr)
  8848 | Lair:1   | Noticed a minotaur
  8881 | Lair:1   | 8881 ||| Stepping ~*~*~tactically~*~*~ (stealth).
  8883 | Lair:1   | 8883 ||| Stepping ~*~*~tactically~*~*~ (stealth).
  8885 | Lair:1   | 8885 ||| Stepping ~*~*~tactically~*~*~ (stealth).
  8890 | Lair:1   | Reached skill level 15 in Unarmed Combat
  8905 | Lair:1   | 8905 ||| INVOKING Fiery Armour.
  8985 | Lair:1   | Found a runed translucent gate.
  8985 | Lair:1   | Found a runed translucent gate.
  8985 | Lair:1   | Found a runed translucent gate.
  9005 | Lair:1   | 9005 ||| Stepping ~*~*~tactically~*~*~ (outnumbered).
  9006 | Lair:1   | 9006 ||| Stepping ~*~*~tactically~*~*~ (outnumbered).
  9028 | Lair:1   | 9028 ||| INVOKING Fiery Armour.
  9031 | Lair:1   | HP: 4/105 [rime drake/flash freeze (34)]
  9032 | Lair:1   | 9032 ||| READING 2 scrolls of teleportation.
  9033 | Lair:1   | 9033 ||| DRINKING 3 potions of heal wounds.
  9035 | Lair:1   | 9035 ||| DRINKING 2 potions of heal wounds.
  9040 | Lair:1   | HP: 20/105 [cane toad (13)]
  9041 | Lair:1   | 9041 ||| READING scroll of teleportation.
  9042 | Lair:1   | 9042 ||| DRINKING potion of heal wounds.
  9045 | Lair:1   | Noticed a five-headed hydra
  9051 | Lair:1   | Killed a seven-headed hydra
  9110 | Lair:1   | 9110 ||| Stepping ~*~*~tactically~*~*~ (stealth).
  9111 | Lair:1   | 9111 ||| Stepping ~*~*~tactically~*~*~ (stealth).
  9119 | Lair:1   | Reached skill level 16 in Unarmed Combat
  9317 | Lair:1   | Found a runed translucent door.
  9377 | Lair:1   | Noticed Fannar
  9378 | Lair:1   | 9378 ||| Stepping ~*~*~tactically~*~*~ (stealth).
  9379 | Lair:1   | 9379 ||| Stepping ~*~*~tactically~*~*~ (stealth).
  9380 | Lair:1   | 9380 ||| Stepping ~*~*~tactically~*~*~ (stealth).
  9381 | Lair:1   | 9381 ||| INVOKING Fiery Armour.
  9401 | Lair:1   | Killed Fannar
  9478 | Lair:1   | 9478 ||| Stepping ~*~*~tactically~*~*~ (stealth).
  9481 | Lair:1   | 9481 ||| Stepping ~*~*~tactically~*~*~ (stealth).
  9483 | Lair:1   | 9483 ||| Stepping ~*~*~tactically~*~*~ (stealth).
  9490 | Lair:1   | 9490 ||| Stepping ~*~*~tactically~*~*~ (stealth).
  9496 | Lair:1   | Reached XP level 12. HP: 110/118 MP: 12/12
  9537 | Lair:1   | 9537 ||| PLANNING CONVERSION TO OKAWARU
  9734 | D:3      | Fell from the grace of Ignis
  9734 | D:3      | Became a worshipper of Warmaster Okawaru
  9735 | D:3      | 9735 ||| PLANNING LAIR
  9769 | D:3      | 9769 ||| UPGRADING to +2 robe of cold resistance.
  9779 | D:3      | 9779 ||| READING scroll labelled NIPHIERERR.
 10028 | Lair:1   | 10028 ||| Stepping ~*~*~tactically~*~*~ (hiding).
 10130 | Lair:1   | 10130 ||| Stepping ~*~*~tactically~*~*~ (hiding).
 10232 | Lair:1   | 10232 ||| Stepping ~*~*~tactically~*~*~ (hiding).
 10334 | Lair:1   | 10334 ||| Stepping ~*~*~tactically~*~*~ (hiding).
 10436 | Lair:1   | 10436 ||| Stepping ~*~*~tactically~*~*~ (hiding).
 10538 | Lair:1   | 10538 ||| Stepping ~*~*~tactically~*~*~ (hiding).
 10640 | Lair:1   | 10640 ||| Stepping ~*~*~tactically~*~*~ (hiding).
 10742 | Lair:1   | 10742 ||| Stepping ~*~*~tactically~*~*~ (hiding).
 10921 | Lair:1   | 10921 ||| Stepping randomly (stuck).
 10967 | Lair:1   | Noticed a minotaur
 10982 | Lair:1   | Killed a minotaur
 11262 | Lair:1   | You fall into a shaft and drop 1 floor!
 11380 | Lair:2   | 11380 ||| Stepping ~*~*~tactically~*~*~ (outnumbered).
 11382 | Lair:2   | 11382 ||| Stepping ~*~*~tactically~*~*~ (outnumbered).
 11384 | Lair:2   | Reached * piety under Okawaru
 11399 | Lair:2   | 11399 ||| INVOKING Heroism.
 11401 | Lair:2   | Reached skill level 1 in Invocations
 11410 | Lair:2   | 11410 ||| Stepping ~*~*~tactically~*~*~ (stealth).
 11411 | Lair:2   | 11411 ||| Stepping ~*~*~tactically~*~*~ (stealth).
 11416 | Lair:2   | 11416 ||| INVOKING Heroism.
 11418 | Lair:2   | 11418 ||| Stepping ~*~*~tactically~*~*~ (stealth).
 11421 | Lair:2   | 11421 ||| Stepping ~*~*~tactically~*~*~ (stealth).
 11422 | Lair:2   | 11422 ||| Stepping ~*~*~tactically~*~*~ (stealth).
 11440 | Lair:2   | 11440 ||| Stepping ~*~*~tactically~*~*~ (stealth).
 11494 | Lair:2   | 11494 ||| Stepping ~*~*~tactically~*~*~ (stealth).
 11499 | Lair:2   | 11499 ||| Stepping ~*~*~tactically~*~*~ (stealth).
 11501 | Lair:2   | 11501 ||| Stepping ~*~*~tactically~*~*~ (stealth).
 11529 | Lair:2   | Noticed a catoblepas
 11530 | Lair:2   | 11530 ||| Stepping ~*~*~tactically~*~*~ (stealth).
 11531 | Lair:2   | 11531 ||| INVOKING Heroism.
 11552 | Lair:2   | 11552 ||| INVOKING Heroism.
 11558 | Lair:2   | Killed a catoblepas
 11559 | Lair:2   | Reached skill level 3 in Invocations
 11570 | Lair:2   | Reached skill level 17 in Unarmed Combat
 11570 | Lair:2   | 11570 ||| Stepping ~*~*~tactically~*~*~ (outnumbered).
 11571 | Lair:2   | Reached ** piety under Okawaru
 11717 | Lair:2   | Found a staircase to the Swamp.
 11718 | Lair:2   | 11718 ||| INVOKING Heroism.
 11718 | Lair:2   | Noticed a six-headed hydra
 11719 | Lair:2   | 11719 ||| Stepping ~*~*~tactically~*~*~ (stealth).
 11735 | Lair:2   | 11735 ||| Stepping ~*~*~tactically~*~*~ (stealth).
 11737 | Lair:2   | 11737 ||| Stepping ~*~*~tactically~*~*~ (stealth).
 11739 | Lair:2   | 11739 ||| Stepping ~*~*~tactically~*~*~ (stealth).
 11741 | Lair:2   | 11741 ||| INVOKING Heroism.
 11743 | Lair:2   | 11743 ||| Stepping ~*~*~tactically~*~*~ (stealth).
 11786 | Lair:2   | 11786 ||| Stepping ~*~*~tactically~*~*~ (stealth).
 11797 | Lair:2   | 11797 ||| INVOKING Heroism.
 11798 | Lair:2   | 11798 ||| Stepping ~*~*~tactically~*~*~ (outnumbered).
 11843 | Lair:2   | 11843 ||| Stepping ~*~*~tactically~*~*~ (stealth).
 11856 | Lair:2   | 11856 ||| INVOKING Heroism.
 11857 | Lair:2   | 11857 ||| Stepping ~*~*~tactically~*~*~ (outnumbered).
 11904 | Lair:2   | 11904 ||| INVOKING Heroism.
 11905 | Lair:2   | 11905 ||| Stepping ~*~*~tactically~*~*~ (outnumbered).
 11942 | Lair:2   | 11942 ||| INVOKING Heroism.
 11943 | Lair:2   | 11943 ||| Stepping ~*~*~tactically~*~*~ (outnumbered).
 11992 | Lair:2   | 11992 ||| INVOKING Heroism.
 11993 | Lair:2   | 11993 ||| Stepping ~*~*~tactically~*~*~ (outnumbered).
 12032 | Lair:2   | 12032 ||| Stepping ~*~*~tactically~*~*~ (stealth).
 12053 | Lair:2   | 12053 ||| Stepping ~*~*~tactically~*~*~ (stealth).
 12066 | Lair:2   | 12066 ||| INVOKING Heroism.
 12067 | Lair:2   | 12067 ||| Stepping ~*~*~tactically~*~*~ (outnumbered).
 12098 | Lair:2   | 12098 ||| INVOKING Heroism.
 12099 | Lair:2   | 12099 ||| Stepping ~*~*~tactically~*~*~ (outnumbered).
 12120 | Lair:2   | 12120 ||| INVOKING Heroism.
 12121 | Lair:2   | 12121 ||| Stepping ~*~*~tactically~*~*~ (outnumbered).
 12158 | Lair:2   | 12158 ||| INVOKING Heroism.
 12159 | Lair:2   | 12159 ||| Stepping ~*~*~tactically~*~*~ (outnumbered).
 12218 | Lair:2   | 12218 ||| Stepping ~*~*~tactically~*~*~ (stealth).
 12220 | Lair:2   | 12220 ||| Stepping ~*~*~tactically~*~*~ (stealth).
 12222 | Lair:2   | 12222 ||| Stepping ~*~*~tactically~*~*~ (stealth).
 12234 | Lair:2   | 12234 ||| INVOKING Heroism.
 12235 | Lair:2   | 12235 ||| Stepping ~*~*~tactically~*~*~ (outnumbered).
 12274 | Lair:2   | 12274 ||| INVOKING Heroism.
 12275 | Lair:2   | 12275 ||| Stepping ~*~*~tactically~*~*~ (outnumbered).
 12322 | Lair:2   | 12322 ||| Stepping ~*~*~tactically~*~*~ (stealth).
 12340 | Lair:2   | 12340 ||| Stepping ~*~*~tactically~*~*~ (stealth).
 12352 | Lair:2   | 12352 ||| Stepping ~*~*~tactically~*~*~ (stealth).
 12363 | Lair:2   | 12363 ||| INVOKING Heroism.
 12364 | Lair:2   | 12364 ||| Stepping ~*~*~tactically~*~*~ (outnumbered).
 12432 | Lair:2   | 12432 ||| Stepping ~*~*~tactically~*~*~ (stealth).
 12445 | Lair:2   | 12445 ||| INVOKING Heroism.
 12446 | Lair:2   | 12446 ||| Stepping ~*~*~tactically~*~*~ (outnumbered).
 12473 | Lair:2   | 12473 ||| Stepping ~*~*~tactically~*~*~ (outnumbered).
 12509 | Lair:2   | 12509 ||| Stepping ~*~*~tactically~*~*~ (stealth).
 12527 | Lair:2   | 12527 ||| Stepping ~*~*~tactically~*~*~ (stealth).
 12544 | Lair:2   | 12544 ||| Stepping ~*~*~tactically~*~*~ (stealth).
 12567 | Lair:2   | 12567 ||| Stepping ~*~*~tactically~*~*~ (outnumbered).
 12603 | Lair:2   | 12603 ||| Stepping ~*~*~tactically~*~*~ (stealth).
 12612 | Lair:2   | 12612 ||| Stepping ~*~*~tactically~*~*~ (outnumbered).
 12623 | Lair:2   | 12623 ||| Stepping ~*~*~tactically~*~*~ (outnumbered).
 12654 | Lair:2   | 12654 ||| Stepping ~*~*~tactically~*~*~ (outnumbered).
 12676 | Lair:2   | 12676 ||| Stepping ~*~*~tactically~*~*~ (outnumbered).
 12713 | Lair:2   | You fall into a shaft and drop 2 floors!
 12713 | Lair:4   | Found a staircase to the Slime Pits.
 12718 | Lair:4   | 12718 ||| Stepping ~*~*~tactically~*~*~ (outnumbered).
 12719 | Lair:4   | 12719 ||| Stepping ~*~*~tactically~*~*~ (outnumbered).
 12720 | Lair:4   | 12720 ||| Stepping ~*~*~tactically~*~*~ (outnumbered).
 12721 | Lair:4   | 12721 ||| Stepping ~*~*~tactically~*~*~ (outnumbered).
 12722 | Lair:4   | 12722 ||| Stepping ~*~*~tactically~*~*~ (outnumbered).
 12723 | Lair:4   | 12723 ||| Stepping ~*~*~tactically~*~*~ (hiding).
 12747 | Lair:4   | 12747 ||| READING 8 scrolls of identify.
 12747 | Lair:4   | 12747 ||| IDENTIFYING metallic clear potion
 12757 | Lair:4   | 12757 ||| INVOKING Heroism.
 12759 | Lair:4   | 12759 ||| Stepping ~*~*~tactically~*~*~ (stealth).
 12760 | Lair:4   | 12760 ||| Stepping ~*~*~tactically~*~*~ (stealth).
 12805 | Lair:3   | 12805 ||| Stepping ~*~*~tactically~*~*~ (stealth).
 12887 | Lair:3   | 12887 ||| INVOKING Heroism.
 12892 | Lair:3   | 12892 ||| Stepping ~*~*~tactically~*~*~ (outnumbered).
 12900 | Lair:3   | HP: 26/118 [elephant (4)]
 12902 | Lair:3   | HP: 12/118 [polar bear (2)]
 12904 | Lair:3   | HP: 5/118 [elephant (1)]
 12909 | Lair:3   | Slain by an elephant

Levels and vault maps discovered:
D:1:      dpeg_arrival_circle_labyrinth_c, layout_basic,
          dreamdust_ecumenical_altar_statues
D:2:      layout_rooms
D:3:      minmay_evil_eye, layout_rooms, nzn_wu_jian_contemplation,
          mainiacjoe_overflow_brackets, okawaru_gym_becter,
          mainiacjoe_overflow_chevrons, jmf_multi_god_temple2, serial_aquarium,
          aquarium_bridge_square [aquarium_subvault_bridge,
          aquarium_subvault_balcony, aquarium_subvault_window,
          aquarium_subvault_wall], aquarium_bridge_long_joined
          [aquarium_subvault_bridge, aquarium_subvault_bridge,
          aquarium_subvault_wall, aquarium_subvault_wall,
          aquarium_subvault_bridge, aquarium_subvault_balcony],
          aquarium_window_fake, aquarium_window_1, aquarium_view_2g,
          aquarium_view_2g, aquarium_pool_2, uniq_sigmund
D:4:      layout_basic, serial_shops, nicolae_shop_overgrown_old_shop,
          nicolae_shop_statue_plus, uniq_duvessa
D:5:      layout_gridville, hangedman_abyss_or_decor_stagger, minivault_26
D:6:      layout_loops_ring, zin_angel, minmay_temple_entry_stoned_glass
D:7:      layout_cave_pools
D:8:      layout_cave_pools, general_overflow_altar, uniq_psyche,
          uniq_prince_ribbit1
D:9:      layout_basic, gammafunk_ghost_arena, serial_bayou,
          serial_bayou_lake_a, serial_bayou_pond_c, serial_bayou_pond_d,
          serial_bayou_lagoon_a, uniq_grum
D:10:     layout_basic, dpeg_lair_monsters
Lair:1:   dreamdust_labyrinth, layout_chaotic_city,
          maelrawn_ghost_gauntlet_escape, lemuel_fruit_tree, grunt_megastairs_3,
          uniq_fannar
Lair:2:   layout_cave_pods, minmay_swamp_entry_eels, beast_lair_carwin_1,
          uniq_nergalle
Lair:3:   layout_chaotic_city, spider_nest_entry_web_field, wad_woods_06,
          grunt_forest_large_clearing_hut, lemuel_fruit_fields,
          infiniplex_staircase_pool
Lair:4:   layout_loops_ring, minmay_slime_entry_pillars,
          infiniplex_staircase_pool_2

Skill      XL: |  1  2  3  4  5  6  7  8  9 10 11 12 |
---------------+-------------------------------------+-----
Throwing       | 1 2 3 4 5 6 7 |  7.0
Unarmed Combat | 4 6 7 8 10 11 14 16 17 | 17.8
Dodging        | 1 3 |  3.2
Fighting       | 3 5 6 7 |  7.1
Invocations    | 4 |  4.0
Spellcasting   | |  1.0
Fire Magic     | |  2.1

Action                   |  1- 3 |  4- 6 |  7- 9 | 10-12 || total
-------------------------+-------+-------+-------+-------++-------
Melee: Unarmed           |    48 |    67 |   156 |   391 ||   662
       Punch             |       |     1 |     9 |    31 ||    41
Throw: Large rock        |    24 |    20 |    47 |    32 ||   123
       Javelin           |     1 |     6 |    14 |    35 ||    56
       Boomerang         |       |       |       |     9 ||     9
Invok: Fiery Armour      |     1 |     2 |     2 |     7 ||    12
       Heroism           |       |       |       |    21 ||    21
  Use: Scroll            |     7 |     3 |    10 |     8 ||    28
       Potion            |     2 |     1 |     1 |     3 ||     7
 Stab: Distracted        |       |       |     1 |       ||     1
       Sleeping          |       |       |       |     1 ||     1
Armor: Robe              |    19 |    25 |    44 |    92 ||   180
Dodge: Dodged            |    14 |    30 |    52 |   130 ||   226
Block: Other             |       |       |    17 |    56 ||    73

Table legend:
 A = Non-vault XP
 B = Vault XP
 C = Vault XP percentage of total XP
 D = Non-vault monster count
 E = Vault monster count
 F = Vault count percentage of total count
                 A         B        C        D         E       F
            +---------+---------+-------+---------+---------+-------
      Total |   26070 |    9200 |  26.1 |     256 |      32 |  11.1
            +---------+---------+-------+---------+---------+-------
        D:1 |      26 |       0 |   0.0 |      16 |       0 |   0.0
        D:2 |      58 |       0 |   0.0 |      12 |       0 |   0.0
        D:3 |     204 |     223 |  52.2 |      25 |       1 |   3.8
        D:4 |     177 |     211 |  54.4 |      17 |       2 |  10.5
        D:5 |     952 |       0 |   0.0 |      30 |       0 |   0.0
        D:6 |     395 |       0 |   0.0 |      14 |       0 |   0.0
        D:7 |    1824 |       0 |   0.0 |      26 |       0 |   0.0
        D:8 |     958 |     669 |  41.1 |      11 |       2 |  15.4
        D:9 |    2431 |     528 |  17.8 |      30 |       4 |  11.8
       D:10 |    2570 |    2442 |  48.7 |      16 |       6 |  27.3
     Lair:1 |    7455 |    2695 |  26.6 |      25 |       4 |  13.8
     Lair:2 |    4607 |    2259 |  32.9 |      21 |       9 |  30.0
     Lair:3 |    2698 |       0 |   0.0 |       7 |       0 |   0.0
     Lair:4 |    1715 |     173 |   9.2 |       6 |       4 |  40.0
            +---------+---------+-------+---------+---------+-------
